 Dungeon Crawl Stone Soup version 0.17.0-24-gcfadda4 (webtiles) character file.

354 lovelace the Conjurer (level 6, 0/32 HPs)
             Began as a Deep Elf Fire Elementalist on Nov 17, 2015.
             Was an Initiate of Vehumet.
             Killed by divine providence
             ... invoked by an orc priest
              (16 damage)
             ... on level 4 of the Dungeon.
             The game lasted 00:19:43 (3985 turns).

lovelace the Conjurer (Deep Elf Fire Elementalist)  Turns: 3985, Time: 00:19:43

Health: 0/32       AC:  2    Str:  5    XL:     6   Next: 35%
Magic:  1/12       EV: 12    Int: 22    God:    Vehumet [......]
Gold:   186        SH:  6    Dex: 15    Spells: 4 memorised, 1 level left

rFire  + . .     SeeInvis .     g - +2 dagger (venom)
rCold  . . .     Clarity  .     n - +0 robe
rNeg   . . .     SustAt   .     l - +2 buckler
rPois  +         Gourm    .     (no helmet)
rElec  .         Spirit   .     (no cloak)
rCorr  .         Warding  .     (no gloves)
rMut   .         Stasis   .     (no boots)
MR     .....                    (no amulet)
Stlth  ++........               A - ring of protection from fire
                                h - ring of poison resistance

@: not resistant to hostile enchantments, unstealthy
A: no striking features
a: Renounce Religion


You were on level 4 of the Dungeon.
You worshipped Vehumet.
Vehumet was noncommittal.
You were not hungry.

You visited 1 branch of the dungeon, and saw 4 of its levels.

You collected 186 gold pieces.

Inventory:

Hand Weapons
 a - a +2 hunting sling of evasion
 g - a +2 dagger of venom (weapon)
 k - a +0 vampiric dagger
 y - a +0 short sword of venom
Missiles
 j - 43 stones (quivered)
 B - 5 tomahawks of returning
Armour
 l - a +2 buckler (worn)
 n - a +0 robe (worn)
Jewellery
 h - a ring of poison resistance (left hand)
 A - a ring of protection from fire (right hand)
Wands
 o - a wand of confusion (27)
 s - a wand of slowing (29)
Scrolls
 e - a scroll of enchant weapon
 i - 3 scrolls of identify
 x - a scroll of remove curse
Potions
 u - a potion of curing
Books
 b - a book of Flames

   Spells                             Type                      Level
   a - Flame Tongue                   Conjuration/Fire             1
   b - Throw Flame                    Conjuration/Fire             2
   c - Conjure Flame                  Conjuration/Fire             3
   d - Inner Flame                    Hexes/Fire                   3
   e - Sticky Flame                   Conjuration/Fire             4
   f - Fireball                       Conjuration/Fire             5
Comestibles
 c - 2 bread rations


   Skills:
 - Level 2.4 Dodging
 - Level 2.4 Stealth
 - Level 1.0 Shields
 - Level 3.0 Spellcasting
 + Level 5.5 Conjurations
 * Level 5.3 Fire Magic


You had one spell level left.
You knew the following spells:

 Your Spells              Type           Power        Failure   Level  Hunger
a - Flame Tongue          Conj/Fire      ####.        1%          1    None
b - Throw Flame           Conj/Fire      ####..       3%          2    ##.....
c - Conjure Flame         Conj/Fire      ####....     8%          3    ###....
d - Sticky Flame          Conj/Fire      ####....     21%         4    ####...


Dungeon Overview and Level Annotations

Branches:
Dungeon (4/15)
 Temple: D:4-7

Altars:
Kikubaaqudgha
Trog
Vehumet
Xom
Zin
The Shining One


Message History

You are electrocuted!
Evoke which item? (* to show all) (? for menu, Esc to quit)
Zapping:
o - a wand of confusion {zapped: 7} (will waste charges)
Press: ? - help, Shift-Dir - straight line, f/p - orc priest
Aim: an orc priest, wielding a hand axe of electrocution and wearing a ring mail (chance to defeat MR: 46%)
The orc priest resists with some effort.
Evoking this partially-identified wand wasted a few charges.
The orc priest invokes the aid of Beogh against you.
Pain shoots through your body!
Unknown command.
Evoke which item? (* to show all) (? for menu, Esc to quit)
Zapping:
o - a wand of confusion {zapped: 9} (will waste charges)
Press: ? - help, Shift-Dir - straight line, f/p - orc priest
Aim: an orc priest, wielding a hand axe of electrocution and wearing a ring mail (chance to defeat MR: 46%)
The orc priest resists with some effort.
Evoking this partially-identified wand wasted a few charges.
The orc priest calls down the wrath of Beogh upon you.
Something smites you!
Ouch! That really hurt!
You die...

###.# ♣.....♣##.##
#.#..#.# #.# ........#.#
#.##.#.# #.^ ._._...≈..#
#.##.#.# #.#_#≈.≈..._###
#......# #.##..≈...≈####
### ####.### #.#
#....§##..###.######.#
...####.###....#.........#
# ...........###.########
##. #..###...o@...#
#..####...####.######
.................#
...............#.#
#............##..#
#..........#.#..##
.##......##.#....# ##
#.#....#.##.....# #.
(#.#..#.#.#.....# #.


You could see an orc priest.

Vanquished Creatures
  An orc warrior (D:4)
  An iguana (D:4)
  2 orc wizards (D:4)
  A giant frog skeleton (D:4)
  A worker ant (D:4)
  4 adders
  3 worms
  9 orcs
  5 giant cockroaches
  12 hobgoblins
  8 kobolds
  3 quokkas
  A ball python (D:3)
  5 bats
  2 giant geckos
  3 giant newts
  10 goblins
  4 rats
75 creatures vanquished.

Notes
Turn   | Place    | Note
--------------------------------------------------------------
     0 | D:1      | lovelace the Deep Elf Fire Elementalist began the quest for the Orb.
     0 | D:1      | Reached XP level 1. HP: 10/10 MP: 6/6
   167 | D:1      | Reached XP level 2. HP: 15/15 MP: 1/8
   906 | D:1      | Reached skill level 1 in Shields
  1005 | D:2      | Reached XP level 3. HP: 19/19 MP: 3/9
  1120 | D:2      | Learned a level 2 spell: Throw Flame
  1124 | D:2      | Learned a level 3 spell: Conjure Flame
  1699 | D:2      | Reached XP level 4. HP: 24/24 MP: 8/10
  2115 | D:3      | Found a glowing golden altar of the Shining One.
  2393 | D:3      | Found a bloodstained altar of Trog.
  2395 | D:3      | Found an ancient bone altar of Kikubaaqudgha.
  2480 | D:3      | Found a radiant altar of Vehumet.
  2885 | D:3      | Reached skill level 4 in Fire Magic
  3182 | D:4      | Found a glowing silver altar of Zin.
  3415 | D:3      | Became a worshipper of Vehumet
  3490 | D:4      | Reached XP level 5. HP: 28/28 MP: 8/11
  3652 | D:4      | Found a shimmering altar of Xom.
  3746 | D:4      | Learned a level 4 spell: Sticky Flame
  3749 | D:4      | Found a shimmering altar of Xom.
  3750 | D:4      | Found a shimmering altar of Xom.
  3782 | D:4      | Reached skill level 5 in Conjurations
  3790 | D:4      | Found a shimmering altar of Xom.
  3955 | D:4      | Noticed an orc warrior
  3976 | D:4      | Killed an orc warrior
  3976 | D:4      | Reached skill level 5 in Fire Magic
  3976 | D:4      | Reached XP level 6. HP: 32/32 MP: 1/12
  3985 | D:4      | Killed from afar by an orc priest

Action                   |  1- 3 |  4- 6 || total
-------------------------+-------+-------++-------
Melee: Dagger            |       |     3 ||     3
 Cast: Flame Tongue      |    78 |    73 ||   151
       Conjure Flame     |       |     1 ||     1
Evoke: Wand              |       |     6 ||     6
  Use: Scroll            |       |     8 ||     8
       Potion            |       |     6 ||     6
 Stab: Confused          |       |     1 ||     1
  Eat: Chunk             |     2 |     7 ||     9
